 Dungeon Crawl Stone Soup version 0.21.0-3-g78d12a8 (webtiles) character file.

10231 Megalobster the Basher (level 11, -6/69 HPs)
             Began as a Gargoyle Monk on Jan 13, 2018.
             Was an Elder of Nemelex Xobeh.
             Mangled by a komodo dragon (22 damage)
             ... on level 1 of the Lair of Beasts.
             The game lasted 00:37:11 (13640 turns).

Megalobster the Basher (Gargoyle Monk)             Turns: 13640, Time: 00:37:12

Health: -6/69      AC: 18    Str: 18    XL:     11   Next: 58%
Magic:  16/16      EV: 14    Int: 15    God:    Nemelex Xobeh [****..]
Gold:   258        SH:  0    Dex: 12    Spells: 10/10 levels left

rFire    . . .     SeeInvis .   B - +2 flail of Skirmishing {drain, *Contam rElec Int+4}
rCold    + . .     Gourm    .   (no shield)
rNeg     + . .     Faith    .   M - +0 ring mail {rC+}
rPois    ∞         Spirit   .   I - +0 helmet
rElec    +         Reflect  .   n - +0 cloak
rCorr    +         Harm     .   h - +0 pair of gloves
MR       .....                  P - +0 pair of boots
Stlth    +.........             (no amulet)
HPRegen  0.21/turn              q - +1 ring of protection
MPRegen  0.15/turn              C - ring of resist corrosion

@: no status effects
A: deformed body, negative energy resistance 1, electricity resistance,
unbreathing, petrification resistance, rot immunity, AC +8
a: Triple Draw, Deal Four, Renounce Religion


You were on level 1 of the Lair of Beasts.
You worshipped Nemelex Xobeh.
Nemelex Xobeh was greatly pleased with you.
You were very full.

You visited 3 branches of the dungeon, and saw 12 of its levels.
You also visited: Sewer.

You collected 505 gold pieces.
You spent 247 gold pieces at shops.

Inventory:

Hand Weapons
 B - the +2 flail of Skirmishing (weapon) {drain, *Contam rElec Int+4}
   (You found it on level 9 of the Dungeon)

   A truly terrible weapon, it drains the life of those it strikes.
   It affects your intelligence (+4).
   It insulates you from electricity.
   It causes magical contamination when unequipped.
 J - a +2 whip of flaming
Missiles
 p - 13 tomahawks (quivered)
 T - a throwing net {!f}
Armour
 h - a +0 pair of gloves (worn)
 n - a +0 cloak (worn)
 I - a +0 helmet (worn)
 M - a +0 ring mail of cold resistance (worn)
 P - a +0 pair of boots (worn)
Jewellery
 q - a +1 ring of protection (left hand)
 w - an uncursed ring of fire
 C - a ring of resist corrosion (right hand)
 O - an uncursed ring of flight
Wands
 b - a wand of polymorph (7)
 d - a wand of random effects (76)
 k - a wand of acid (22)
 t - a wand of digging (5)
 L - a wand of iceblast (10)
Scrolls
 a - a scroll of torment {unknown}
 f - 4 scrolls of remove curse {@r2}
 j - 7 scrolls of immolation
 s - 2 scrolls of enchant armour {unknown}
 u - 4 scrolls of enchant weapon {unknown}
 x - 5 scrolls of blinking
 y - 2 scrolls of magic mapping {unknown}
 D - 2 scrolls of amnesia {unknown}
 E - a scroll of fog {unknown}
 G - a scroll of fear {unknown}
 N - 3 scrolls of teleportation {unknown}
 U - a scroll of identify {@r1}
Potions
 e - 6 potions of heal wounds
 g - a potion of invisibility
 i - 7 potions of curing {@q1}
 l - 2 potions of degeneration {unknown}
 m - 4 potions of brilliance
 v - 2 potions of mutation {unknown}
 z - a potion of ambrosia {unknown}
 A - a potion of magic {unknown}
 F - 4 potions of flight
 H - a potion of agility {unknown}
 K - 2 potions of lignification {unknown}
Books
 R - a Young Poisoner's Handbook

   Spells                             Type                      Level
   a - Sting                          Conjuration/Poison           1
   b - Poisonous Vapours              Poison/Air                   2
   c - Mephitic Cloud                 Conjuration/Poison/Air       3
   d - Olgreb's Toxic Radiance        Poison                       4
   e - Venom Bolt                     Conjuration/Poison           5
Miscellaneous
 o - an ornate deck of destruction
 r - a plain deck of destruction
 Q - a plain deck of destruction {drawn: 10}
 S - a plain deck of escape {drawn: 1}
 V - a legendary deck of escape
Comestibles
 c - 14 rations


   Skills:
 + Level 8.6 Fighting
 * Level 10.6 Maces & Flails
 + Level 7.7 Armour
 + Level 6.5 Dodging
 - Level 2.1 Stealth
 * Level 7.5 Invocations
 * Level 3.6 Evocations


You had 10 spell levels left.
You didn't know any spells.

Dungeon Overview and Level Annotations

Branches:
Dungeon (9/15)             Temple (1/1) D:6            Lair (2/6) D:8
    Orc (0/2) D:9
  Swamp: Lair:2-4    Shoals: Lair:2-4     Snake: Lair:2-4    Spider: Lair:2-4

Altars:
Ashenzari
Cheibriados
Dithmenos
Elyvilon
Fedhas
Gozag
Hepliaklqana
Kikubaaqudgha
Makhleb
Nemelex Xobeh
Okawaru
Qazlal
Ru
Sif Muna
Trog
Uskayaw
Vehumet
Wu Jian
Xom
Yredelemnul
Zin
The Shining One

Shops:
D:5 *


Innate Abilities, Weirdness & Mutations

You are resistant to torment.
Your stone body is resilient. (AC +8)
You are immune to poison.
You resist negative energy. (rN+)
You are resistant to electric shocks. (rElec)
You can survive without breathing.
You are immune to petrification.
You are immune to rotting.
Armour fits poorly on your strangely shaped body.


Message History

You draw a card...
It is Vitriol.
You have drawn Vitriol.
Press: ? - help, Shift-Dir - straight line, f - komodo dragon
Aim: a komodo dragon The bolt of acid hits the komodo dragon.
The komodo dragon is splashed with acid.
The acid corrodes the komodo dragon!
The komodo dragon is heavily wounded.
The komodo dragon barely misses you. The komodo dragon bites you!
You take 14 damage, and have 28/69 hp.
MASSIVE DAMAGE!!
Evoke which item? (* to show all) (? for menu, Esc to quit)
You draw a card...
It is the Orb.
You have drawn the Orb.
Press: ? - help, Shift-Dir - straight line, f/p - komodo dragon
Aim: a komodo dragon (heavily wounded, covered in acid)
The komodo dragon bites you!
* * * LOW HITPOINT WARNING * * *
The komodo dragon bites you!!
You die...
Your body glows with a rainbow of weird colours and disappears.

...###.......P####.#.......##
#
.#.###.........##..........P##
###.###.......#####.........P#
#.###.......#####l.......###
#..###....#..##.#.......##
##..###.#P#...........P.#
#..#########.........###
#...### ####.........# ##..#.#
#P...@*....#.#
#...#####...ll....###
##..###........#### ###
##...##.......##
..###P...#........#
...###P...........#
...............####
................#
..............###


You could see 2 komodo dragons and a basilisk.

Vanquished Creatures
  Erica (D:9)
  A swamp dragon (D:8)
  Pikel (D:9)
  Psyche (D:8)
  A komodo dragon (Lair:1)
  3 blink frogs (Lair:1)
  2 hippogriffs
  Sigmund (D:3)
  The ghost of Zorot the Ruffian, an amateur VSMo (D:4)
  4 yaks (Lair:1)
  2 wargs (D:9)
  6 water moccasins
  A black bear (D:6)
  3 porcupines (Lair:1)
  3 sky beasts
  An orc warrior (D:9)
  3 ogres
  3 necrophages
  9 centaurs
  2 big kobolds (D:9)
  Blork the orc (D:5)
  2 bullfrogs
  A gnoll sergeant (D:5)
  4 scorpions
  6 killer bees (D:8)
  5 wights (D:8)
  2 jellies
  2 howler monkeys (D:9)
  4 crimson imps
  A bullfrog zombie (D:9)
  2 hounds
  A centaur skeleton (D:8)
  8 orc priests
  8 orc wizards
  Ijyb (D:3)
  Natasha (thrice) (D:2 D:3)
  An iguana (D:4)
  6 worker ants
  Terence (D:3)
  A hound skeleton (D:7)
  2 worker ant zombies
  Robin (D:5)
  16 adders
  10 gnolls
  3 oozes
  An adder skeleton (D:6)
  2 worms
  2 dart slugs (D:1)
  7 leopard geckos
  43 orcs
  4 ball pythons
  12 giant cockroaches
  22 goblins
  9 hobgoblins
  9 jackals
  33 kobolds
  6 quokkas
  5 bats
  3 frilled lizards
  A jackal skeleton (D:8)
  A quokka skeleton (D:6)
  11 rats
312 creatures vanquished.

Vanquished Creatures (collateral kills)
  A two-headed ogre (D:8)
  A yak (Lair:1)
  A jackal skeleton (D:8)
  A butterfly (Lair:1)
4 creatures vanquished.

Vanquished Creatures (others)
  A blink frog (Lair:1)
  A slave (D:9)
  An orc warrior (D:9)
  A bullfrog (D:9)
  A wight (D:9)
  An orc wizard (D:9)
  An orc (D:9)
  A quokka (D:9)
8 creatures vanquished.

Grand Total: 324 creatures vanquished

Notes
Turn   | Place    | Note
-------+----------+-------------------------------------------
     0 | D:1      | Megalobster the Gargoyle Monk began the quest for the Orb.
     0 | D:1      | Reached XP level 1. HP: 14/14 MP: 1/1
   358 | D:1      | Reached XP level 2. HP: 17/19 MP: 2/2
   703 | D:1      | Reached skill level 1 in Armour
   734 | D:1      | Reached XP level 3. HP: 22/23 MP: 3/3
  1139 | D:2      | Reached XP level 4. HP: 28/29 MP: 4/4
  1373 | D:2      | Reached skill level 4 in Maces & Flails
  1813 | D:2      | Found a white marble altar of Elyvilon.
  1881 | D:2      | Found a stormy altar of Qazlal.
  1912 | D:2      | Found a faded altar of an unknown god.
  1937 | D:2      | Noticed Natasha
  1952 | D:2      | Killed Natasha
  1952 | D:2      | Reached XP level 5. HP: 24/33 MP: 5/5
  2169 | D:2      | Noticed Natasha
  2213 | D:2      | Killed Natasha
  2394 | D:3      | Noticed Natasha
  2425 | D:3      | Found a shimmering altar of Xom.
  2433 | D:3      | Noticed Terence
  2443 | D:3      | Killed Terence
  2725 | D:3      | Reached XP level 6. HP: 32/38 MP: 6/6
  2772 | D:3      | Killed Natasha
  2909 | D:3      | Noticed Sigmund
  2921 | D:3      | Killed Sigmund
  2921 | D:3      | Reached skill level 5 in Maces & Flails
  2937 | D:3      | Reached XP level 7. HP: 26/44 MP: 7/7
  3214 | D:3      | Noticed Ijyb
  3227 | D:3      | Killed Ijyb
  3589 | D:4      | Noticed Zorot's ghost (amateur VSMo)
  3608 | D:4      | Killed Zorot's ghost
  3608 | D:4      | Reached skill level 5 in Fighting
  3751 | D:4      | Reached skill level 6 in Maces & Flails
  3874 | D:4      | Found a sparkling altar of Nemelex Xobeh.
  3874 | D:4      | Found a deep blue altar of Sif Muna.
  3874 | D:4      | Found an iron altar of Okawaru.
  3879 | D:4      | Found a sacrificial altar of Ru.
  4235 | D:4      | Reached XP level 8. HP: 46/50 MP: 8/8
  4324 | D:4      | Found a white marble altar of Elyvilon.
  4472 | D:5      | Entered Level 5 of the Dungeon
  4538 | D:5      | Found a glowing drain.
  4663 | Sewer    | Entered a sewer
  5233 | D:5      | Noticed Robin
  5238 | D:5      | Killed Robin
  5425 | D:5      | Reached skill level 7 in Maces & Flails
  5428 | D:5      | Found Gupuekh's Assorted Antiques.
  5442 | D:5      | Bought a pair of jewelled gloves for 247 gold pieces
  5452 | D:5      | Identified the +0 pair of gloves of Lioci {+Inv +Fly rF-} (You bought it in a shop on level 5 of the Dungeon)
  5534 | D:5      | Noticed Blork the orc
  5552 | D:5      | Killed Blork the orc
  5763 | D:5      | Found a bloodstained altar of Trog.
  5891 | D:5      | Reached skill level 5 in Armour
  6389 | D:6      | Reached XP level 9. HP: 56/56 MP: 9/9
  6613 | D:6      | Found a staircase to the Ecumenical Temple.
  6622 | Temple   | Entered the Ecumenical Temple
  6819 | D:4      | Became a worshipper of Nemelex Xobeh the Trickster
  6819 | D:4      | Received a gift from Nemelex Xobeh
  6819 | D:4      | Reached * piety under Nemelex Xobeh
  6819 | D:4      | Reached ** piety under Nemelex Xobeh
  6929 | D:6      | Reached skill level 8 in Maces & Flails
  7025 | D:6      | Reached skill level 5 in Dodging
  7380 | D:6      | Found a snail-covered altar of Cheibriados.
  7450 | D:7      | Received a gift from Nemelex Xobeh
  7500 | D:7      | Reached skill level 1 in Invocations
  7532 | D:7      | Found a glowing golden altar of the Shining One.
  8395 | D:7      | Received a gift from Nemelex Xobeh
  8605 | D:7      | Reached *** piety under Nemelex Xobeh
  9110 | D:8      | Reached XP level 10. HP: 63/63 MP: 12/12
  9119 | D:8      | Reached skill level 9 in Maces & Flails
  9219 | D:8      | Noticed Psyche
  9232 | D:8      | Killed Psyche
  9611 | D:8      | Found a radiant altar of Vehumet.
  9626 | D:8      | Found a staircase to the Lair.
  9646 | D:8      | Reached skill level 5 in Invocations
  9650 | D:8      | Found a hide-covered altar of Uskayaw.
  9766 | D:8      | Noticed a two-headed ogre
  9770 | D:8      | Noticed a swamp dragon
  9770 | D:8      | a two-headed ogre changed into a swamp dragon
  9780 | D:8      | Killed a swamp dragon
  9886 | D:8      | Noticed a two-headed ogre
  9895 | D:8      | Killed a two-headed ogre
  9979 | D:8      | Found a glowing golden altar of the Shining One.
 10052 | D:8      | Received a gift from Nemelex Xobeh
 10594 | D:9      | Reached **** piety under Nemelex Xobeh
 10635 | D:9      | Noticed Erica
 10673 | D:9      | Killed Erica
 10673 | D:9      | Reached skill level 10 in Maces & Flails
 10673 | D:9      | Reached skill level 1 in Evocations
 10673 | D:9      | Reached XP level 11. HP: 52/68 MP: 15/15
 10796 | D:9      | Received a gift from Nemelex Xobeh
 10814 | D:9      | Found a staircase to the Orcish Mines.
 10997 | D:9      | Noticed Pikel
 11043 | D:9      | Killed Pikel
 11301 | D:9      | Got a pitted flail
 11302 | D:9      | Identified the +2 flail of Skirmishing {drain, *Contam rElec Int+4} (You found it on level 9 of the Dungeon)
 11323 | D:9      | Gained mutation: Armour fits poorly on your strangely shaped body. [mutagenic glow]
 11854 | Lair:1   | Entered Level 1 of the Lair of Beasts
 12557 | Lair:1   | Received a gift from Nemelex Xobeh
 13640 | Lair:1   | Mangled by a komodo dragon

Skill      XL: |  1  2  3  4  5  6  7  8  9 10 11 |
---------------+----------------------------------+-----
Armour         | 1 2 3 5 6 7 |  7.7
Maces & Flails | 4 5 6 7 8 10 | 10.6
Fighting       | 4 5 6 7 8 |  8.6
Dodging        | 3 4 5 6 |  6.5
Invocations    | 3 6 7 |  7.5
Evocations     | 1 3 |  3.6
Stealth        | |  2.1

Action                   |  1- 3 |  4- 6 |  7- 9 | 10-12 || total
-------------------------+-------+-------+-------+-------++-------
Melee: Mace              |    77 |   204 |   398 |       ||   679
       Dire flail        |       |       |   316 |    20 ||   336
       Morningstar       |       |       |       |   256 ||   256
       Flail             |       |       |       |   108 ||   108
Evoke: Deck              |       |       |       |    15 ||    15
  Use: Scroll            |       |     3 |     5 |     3 ||    11
       Potion            |       |       |     2 |     4 ||     6
 Stab: Sleeping          |     6 |       |       |       ||     6
       Distracted        |       |       |       |     1 ||     1
  Eat: Chunk             |     1 |     6 |    10 |     8 ||    25
       Ration            |       |       |     3 |     4 ||     7
Armor: Robe              |    24 |    40 |       |       ||    64
       Scale mail        |       |    46 |   246 |       ||   292
       Ring mail         |       |       |   121 |   160 ||   281
       Leather armour    |       |       |       |    66 ||    66
Dodge: Dodged            |    53 |   127 |   401 |   344 ||   925
